 Dungeon Crawl Stone Soup version 0.29.1-15-g9cfb28693d (webtiles) character file.

Game seed: 8470764372296905960

214 Peloso the Trooper (level 5, -3/72 HPs)
             Began as a Minotaur Fighter on Mar 14, 2023.
             Slain by Edmund
             ... wielding a +1 flail of protection
              (9 damage)
             ... on level 3 of the Dungeon.
             The game lasted 00:07:55 (4183 turns).

Peloso the Trooper (Minotaur Fighter)               Turns: 4183, Time: 00:07:56

Health: -3/72      AC: 11    Str: 21    XL:     5   Next: 59%
Magic:  4/4        EV:  7    Int:  5    God:
Gold:   101        SH:  5    Dex: 17    Spells: 4/4 levels left

rFire   . . .      SeeInvis .   a - +0 long sword
rCold   . . .      Faith    .   d - +0 buckler
rNeg    . . .      Spirit   .   b - +0 chain mail
rPois   .          Reflect  .   (helmet restricted)
rElec   .          Harm     .   c - +0 cloak
rCorr   .          Rampage  .   (no gloves)
Will    .....                   (no boots)
Stlth   ..........              (no amulet)
HPRegen 0.22/turn               s - +6 ring of dexterity
MPRegen 0.09/turn               (no ring)

@: berserking, weak-willed, very quick
A: horns 2, retaliatory headbutt
a: no special abilities


You were on level 3 of the Dungeon.
You visited 1 branch of the dungeon, and saw 4 of its levels.

You collected 151 gold pieces.
You spent 50 gold pieces at shops.

Inventory:

Hand Weapons
 a - a +0 long sword (weapon)
Armour
 b - a +0 chain mail (worn)
 c - a +0 cloak (worn)
 d - a +0 buckler (worn)
Jewellery
 e - a ring of wizardry
 s - a +6 ring of dexterity (left hand)
Wands
 p - a wand of flame (21)
Scrolls
 i - 3 scrolls of identify
 k - a scroll of teleportation {unknown}
 l - a scroll of fear {unknown}
 m - a scroll of brand weapon {unknown}
 n - a scroll of vulnerability
 o - a scroll of immolation {unknown}
 r - a scroll of magic mapping
Potions
 f - 2 potions of ambrosia
 g - a potion of attraction {unknown}
 h - 2 potions of might
 j - a potion of berserk rage
 q - a potion of haste {unknown}
 t - a potion of magic {unknown}


   Skills:
 + Level 5.0 Fighting
 + Level 4.1 Long Blades
 + Level 4.9 Armour
 + Level 0.6 Dodging
 + Level 0.5 Stealth
 + Level 4.5 Shields


You had 4 spell levels left.
You didn't know any spells.
Your spell library contained the following spells:

 Spells                   Type           Power      Damage    Failure   Level
 Beastly Appendage        Tmut           0%         N/A       99%         1
 Foxfire                  Conj/Fire      0%         2x1d4     99%         1
 Wereblood                Tmut           0%         N/A       100%        2
 Conjure Flame            Conj/Fire      0%         6-21      100%        3
 Dazzling Flash           Conj/Hex       0%         N/A       100%        3
 Ignite Poison            Fire/Tmut/Pois 0%         N/A       100%        3
 Inner Flame              Hex/Fire       0%         N/A       100%        3
 Mephitic Cloud           Conj/Pois/Air  0%         N/A       100%        3
 Spider Form              Tmut/Pois      0%         N/A       100%        3
 Flame Wave               Conj/Fire      0%         2d4       100%        4
 Agony                    Necr           0%         N/A       100%        5
 Freezing Cloud           Conj/Ice/Air   0%         6-21      100%        5
 Silence                  Hex/Air        0%         N/A       100%        5


Dungeon Overview and Level Annotations

Branches:
Dungeon (4/15)
 Temple: D:4-7

Altars:
Xom

Shops:
D:1 [   D:2 *

Annotations:
D:3 Edmund


Innate Abilities, Weirdness & Mutations

You have a pair of horns on your head.
You reflexively headbutt those who attack you in melee.


Message History

It is a scroll of identify.
f - 2 potions of ambrosia You block Edmund's attack.
As you read the scroll labelled JISTIO OKHITIBB, it crumbles to dust.
Magic quickly surges around you.
It was a scroll of vulnerability.
Edmund asks, "Have you met my wondrous brother?"
Edmund hits you with a +1 flail of protection.
* * * LOW HITPOINT WARNING * * *
As you read the scroll labelled SUONYSHEMEIS, it crumbles to dust.
You feel momentarily disoriented.
It was a scroll of magic mapping.
Edmund hits you but does no damage. Edmund attacks as you move away!
Edmund closely misses you.
Edmund grinds his teeth, and then sighs.
There is a stone staircase leading down here.
Edmund attacks as you move away!
Edmund hits you with a +1 flail of protection!
* * * LOW HITPOINT WARNING * * *
It was a potion of berserk rage.
A red film seems to cover your vision as you go berserk!
You feel yourself moving faster!
You feel mighty!
Edmund hits you with a +1 flail of protection.
* * * LOW HITPOINT WARNING * * *
You slash Edmund!
Edmund is heavily wounded.
You block Edmund's attack.
You hit Edmund but do no damage.
Edmund is heavily wounded.
Edmund hits you but does no damage.
You hit Edmund. You headbutt Edmund, but do no damage.
Edmund is heavily wounded.
You block Edmund's attack.
You barely miss Edmund. You headbutt Edmund!
Edmund is severely wounded.
You hit Edmund.
Edmund is severely wounded.
You block Edmund's attack.
You slash Edmund! You headbutt Edmund, but do no damage.
Edmund is almost dead.
Edmund hits you with a +1 flail of protection!
You die...

.# #.P.......## # .# #.P....PP..#
# .# #..........# .# ##.........#
.# #.#..#.#.## .# #........# .#
###.####)# # .# #.# #)# ## [#
#.####@### ##. .# #.##.@...#
###.# .# #.##.....### #..##
.##########.....)....########.#.#
...................#).........##.
#############......#.)...........
#.##<......<.........
#.######.############ #........#


You could see Edmund (weak-willed).

Vanquished Creatures
  Terence (D:3)
  10 gnolls
  2 adders
  2 worms
  3 dart slugs
  6 orcs (D:3)
  4 endoplasms
  4 goblins
  7 hobgoblins
  4 ball pythons
  3 bats
  4 frilled lizards
  8 kobolds
  6 rats
  6 bushes (D:2)
70 creatures vanquished.

Vanquished Creatures (others)
  An endoplasm (D:2)
  21 plants
22 creatures vanquished.

Grand Total: 92 creatures vanquished

Notes
Turn   | Place    | Note
-------+----------+-------------------------------------------
     0 | D:1      | Peloso the Minotaur Fighter began the quest for the Orb.
     0 | D:1      | Reached XP level 1. HP: 19/19 MP: 0/0
   236 | D:1      | Reached skill level 4 in Fighting
   236 | D:1      | Reached XP level 2. HP: 20/27 MP: 1/1
   336 | D:1      | Found Syluzey's Antique Armour Shop.
   450 | D:1      | Found a faded altar of an unknown god.
   685 | D:1      | Reached XP level 3. HP: 19/33 MP: 2/2
  1135 | D:1      | Reached XP level 4. HP: 23/41 MP: 3/3
  1625 | D:2      | Found Qeqaum's Assorted Antiques.
  1628 | D:2      | Bought a scroll labelled NYCUCR JIUNASIMO for 25 gold
                  | pieces
  1628 | D:2      | Bought a scroll labelled YCZEOBR BARCH for 25 gold pieces
  2066 | D:2      | Found a shimmering altar of Xom.
  2699 | D:3      | Reached XP level 5. HP: 47/47 MP: 4/4
  3381 | D:3      | Noticed Terence
  3395 | D:3      | Killed Terence
  3396 | D:3      | Reached skill level 5 in Fighting
  3594 | D:3      | Found a shimmering altar of Xom.
  4139 | D:4      | Noticed Edmund
  4183 | D:3      | Slain by Edmund

Illustrated notes

Levels and vault maps discovered:
D:1:      minmay_arrival_open_corners, layout_rooms,
          ebering_ecumenical_altar_rust, serial_shops, shop, minivault_24,
          chequers_garden
D:2:      layout_loops_ring, serial_shops, nicolae_shop_behind_doors,
          basic_altar, minivault_4, lexackson_kobold_supper
D:3:      layout_loops_ring, mainiacjoe_overflow_six_doors_small,
          nicolae_grassy_gnolls, uniq_terence
D:4:      layout_rooms, serial_shops, nicolae_stop_n_shop_1,
          kennysheep_generic_room_5, uniq_menkaure, uniq_edmund, uniq_robin

Skill      XL: |  1  2  3  4  5 |
---------------+----------------+-----
Fighting       | 4 5 |  5.0
Shields        | 4 |  4.5
Long Blades    | 3 4 |  4.1
Armour         | 4 |  4.9
Dodging        | |  0.6
Stealth        | |  0.5

Action                   |  1- 3 |  4- 6 || total
-------------------------+-------+-------++-------
Melee: Long sword        |    69 |   496 ||   565
       Headbutt          |    16 |   168 ||   184
  Use: Scroll            |       |     3 ||     3
       Potion            |       |     1 ||     1
Armor: Scale mail        |    28 |    42 ||    70
       Chain mail        |       |     6 ||     6
Dodge: Dodged            |    33 |    53 ||    86
Block: Buckler           |    19 |    45 ||    64
